 Dungeon Crawl Stone Soup version 0.27.1-33-g824d729ab1 (webtiles) character file.

Game seed: 466241850912817646

53 Destapler the Caller (level 3, -1/26 HPs)
             Began as a Merfolk Summoner on Dec 7, 2021.
             Was a Believer of Elyvilon.
             Slain by Sigmund (5 damage)
             ... on level 3 of the Dungeon.
             The game lasted 00:08:55 (3709 turns).

Destapler the Caller (Merfolk Summoner)             Turns: 3709, Time: 00:08:55

Health: -1/26      AC:  3    Str:  8    XL:     3   Next: 89%
Magic:  5/6        EV: 13    Int: 15    God:    Elyvilon [**....]
Gold:   46         SH:  0    Dex: 14    Spells: 2/6 levels left

rFire    . . .     SeeInvis .   c - +0 dagger
rCold    . . .     Faith    .   (no shield)
rNeg     . . .     Spirit   .   a - +0 robe
rPois    .         Reflect  .   (no helmet)
rElec    .         Harm     .   (no cloak)
rCorr    .         Rampage  .   f - +0 pair of gloves
Will     +....                  (no boots)
Stlth    ++........             (no amulet)
HPRegen  0.08/turn              h - ring of willpower
MPRegen  0.10/turn              (no ring)

@: no status effects
A: (nimble swimmer 2), mertail
a: Renounce Religion, Lesser Healing, Heal Other, Divine Protection


You were on level 3 of the Dungeon.
You worshipped Elyvilon.
Elyvilon was pleased with you.
You visited 1 branch of the dungeon, and saw 3 of its levels.

You collected 46 gold pieces.

Inventory:

Hand Weapons
 b - a +0 club
 c - a +0 dagger (weapon)
Missiles
 e - a throwing net
Armour
 a - a +0 robe (worn)
 f - a +0 pair of gloves (worn)
Jewellery
 h - a ring of willpower (left hand)
Scrolls
 d - a scroll of teleportation
 g - a scroll of vulnerability


   Skills:
 * Level 1.2 Fighting
 + Level 3.3 Dodging
 + Level 3.0 Stealth
 + Level 2.3 Spellcasting
 + Level 4.2 Summonings
 + Level 1.0 Invocations


You had 2 spell levels left.
You knew the following spells:

 Your Spells              Type           Power      Damage    Failure   Level
a - Summon Small Mammal   Summ           56%        N/A       3%          1
b - Call Canine Familiar  Summ           14%        N/A       12%         3

Your spell library contained the following spells:

 Spells                   Type           Power      Damage    Failure   Level
 Call Imp                 Summ           14%        N/A       6%          2
 Summon Guardian Golem    Hex/Summ       8%         N/A       26%         3
 Summon Lightning Spire   Summ/Air       8%         N/A       65%         4


Dungeon Overview and Level Annotations

Branches:
Dungeon (3/15)

Altars:
Elyvilon

Annotations:
D:3 Ijyb, Sigmund


Innate Abilities, Weirdness & Mutations

((You are quick and stealthy near water. (Stealth+, EV+, Speed+++)))
Your lower body shifts to a powerful aquatic tail in water.


Message History

You swap places.
Casting: Summon Small Mammal (safe; 3% risk of failure)
Press: ? - help, Q - select action, (/) - cycle Dir - look around, f - activate
Okay, then.
Casting: Summon Small Mammal (safe; 3% risk of failure)
Press: ? - help, Q - select action, (/) - cycle Dir - look around, f - activate Your bat hits Sigmund but does no damage.
Sigmund shouts!
You hear a shout! x3
You hear a shout!
Your bat hits Sigmund.
Your bat completely misses Sigmund.
You see here 14 gold pieces.
You swap places.
Your bat hits Sigmund but does no damage.
Sigmund mumbles some strange words.
Sigmund flickers and vanishes!
Deactivating autopickup; reactivate with Ctrl-A.
You swap places.
Your bat closely misses something.
Something closely misses your bat.
Your bat hits something but does no damage.
Your bat closely misses something.
Something barely misses your bat.
Your bat misses something.
Your bat barely misses something.
A magic dart appears from out of thin air!
The magic dart hits your bat!
Your bat dies!
Your bat's corpse disappears in a puff of smoke!
You swap places.
Something barely misses you.
You hit something. You closely miss something. Something hits you.
You hit something but do no damage. Something hits you!
* * * LOW HITPOINT WARNING * * *
You aren't carrying any potions.
Something barely misses you. Something hits you.
* * * LOW HITPOINT WARNING * * *
Ijyb the Twisted Goblin comes into view.
She is wielding a +0 club and carrying a wand of polymorph (11).
Found a stone staircase leading up.
You swap places.
Something hits you.
You die...

## g< ### .# ..#
.# #.# .# #.# .#
#.###.# #$##r#
#.#@## #{r#####.#
#........#
##....#.....
########<..##.#
.##
##.............#
.......##...####
###.......##......
..........##......


You could see 2 friendly quokkas.

Vanquished Creatures
  An adder (D:2)
  A ball python (D:3)
  3 endoplasms
  2 giant cockroaches
  3 goblins
  4 hobgoblins
  2 jackals (D:2)
  2 quokkas
  2 bats (D:2)
  2 kobolds
  2 rats
24 creatures vanquished.

Vanquished Creatures (collateral kills)
  An adder (D:2)
  2 dart slugs (D:1)
  3 goblins
  2 hobgoblins
  A quokka (D:1)
  A ball python (D:1)
  A frilled lizard (D:2)
  2 kobolds
13 creatures vanquished.

Grand Total: 37 creatures vanquished

Notes
Turn   | Place    | Note
-------+----------+-------------------------------------------
     0 | D:1      | Destapler the Merfolk Summoner began the quest for the Orb.
     0 | D:1      | Reached XP level 1. HP: 13/13 MP: 3/3
   711 | D:1      | Reached XP level 2. HP: 18/19 MP: 5/5
   778 | D:1      | Found a faded altar of an unknown god.
   788 | D:1      | Became a worshipper of Elyvilon the Healer
   788 | D:1      | Reached * piety under Elyvilon
  1658 | D:2      | Reached ** piety under Elyvilon
  2066 | D:2      | Reached XP level 3. HP: 25/25 MP: 6/6
  2586 | D:2      | Learned a level 3 spell: Call Canine Familiar
  2640 | D:2      | Reached skill level 1 in Fighting
  3586 | D:3      | Reached skill level 1 in Invocations
  3620 | D:3      | Noticed Sigmund
  3708 | D:3      | Noticed Ijyb
  3709 | D:3      | Slain by Sigmund

Illustrated notes

Levels and vault maps discovered:
D:1:      dpeg_arrival_circle_labyrinth_a, layout_basic, basic_ecumenical_altar
D:2:      layout_basic
D:3:      layout_loops_ring, wad_orctagon, uniq_ijyb, uniq_sigmund

Skill      XL: |  1  2  3 |
---------------+----------+-----
Dodging        | 3 |  3.3
Fighting       | 1 |  1.2
Stealth        | 3 |  3.0
Invocations    | 1 |  1.0
Spellcasting   | |  2.3
Summonings     | |  4.2

Action                   || total
-------------------------++-------
Melee: Club              ||    38
       Unarmed           ||     3
       Dagger            ||   129
 Cast: Summon Small Mamm ||    36
  Use: Potion            ||     5
       Scroll            ||     2
 Stab: Sleeping          ||     6
Armor: Robe              ||    37
Dodge: Dodged            ||   132
